 Dungeon Crawl Stone Soup version 0.28.0 (webtiles) character file.

Game seed: 10241830029559161095

4 Gabide the Digger (level 1, -2/10 HPs)
             Began as a Gargoyle Earth Elementalist on Feb 14, 2022.
             Frozen to death by an endoplasm (4 damage)
             ... on level 1 of the Dungeon.
             The game lasted 00:00:24 (160 turns).

Gabide the Digger (Gargoyle Earth Elementalist)      Turns: 160, Time: 00:00:25

Health: -2/10      AC:  4    Str: 11    XL:     1   Next: 60%
Magic:  0/3        EV: 12    Int: 15    God:
Gold:   11         SH:  0    Dex: 10    Spells: 3/4 levels left

rFire   . . .      SeeInvis .   (no weapon)
rCold   . . .      Faith    .   (no shield)
rNeg    + . .      Spirit   .   b - +0 robe
rPois   ∞          Reflect  .   (no helmet)
rElec   +          Harm     .   (no cloak)
rCorr   .          Rampage  .   (no gloves)
Will    .....                   (no boots)
Stlth   ++........              (no amulet)
HPRegen 0.03/turn               (no ring)
MPRegen 0.08/turn               (no ring)

@: no status effects
A: sickness immunity, AC +2, negative energy resistance 1, electricity
resistance, torment resistance 1, petrification resistance
a: no special abilities


You were on level 1 of the Dungeon.
You visited 1 branch of the dungeon, and saw 1 of its levels.

You collected 11 gold pieces.

Inventory:

Missiles
 c - 38 stones
Armour
 b - a +0 robe (worn)
Scrolls
 a - a scroll of teleportation {unknown}


   Skills:
 + Level 1.6 Dodging
 + Level 2.1 Stealth
 + Level 2.2 Spellcasting
 + Level 0.7 Transmutations
 + Level 3.6 Earth Magic


You had 3 spell levels left.
You knew the following spells:

 Your Spells              Type           Power      Damage    Failure   Level
a - Sandblast             Erth           24%        2d8       4%          1

Your spell library contained the following spells:

 Spells                   Type           Power      Damage    Failure   Level
 Passwall                 Tmut/Erth      6%         N/A       14%         2
 Stone Arrow              Conj/Erth      14%        3d7       30%         3
 Petrify                  Tmut/Erth      8%         N/A       65%         4


Dungeon Overview and Level Annotations

Branches:
Dungeon (1/15)

Altars:


Innate Abilities, Weirdness & Mutations

You are immune to sickness and miasma.
Your stone body is resilient. (AC +2)
You are immune to poison.
You resist negative energy. (rN+)
You are resistant to electric shocks. (rElec)
You are resistant to unholy torment.
You are immune to petrification.


Message History

The blast of sand hits the bat.
You kill the bat!
The goblin hits you but does no damage.
The blast of sand hits the goblin!
You kill the goblin!
Magic restored.
Things that are here:
a +0 club; a goblin corpse You now have 9 gold pieces.
A ball python comes into view.
A ball python is nearby!
The blast of sand hits the ball python.
You kill the ball python!
You can't see any susceptible monsters within range! (Use Z to cast anyway.)
You now have 11 gold pieces (gained 2).
Found a leather armour.
A kobold comes into view. It is wielding a +0 short sword.
A kobold is nearby!
Found a ring mail.
Found a scroll labelled CAISOMOCECU.
The kobold shouts!
The blast of sand hits the kobold but does no damage.
An endoplasm comes into view.
The blast of sand hits the kobold.
The kobold is severely wounded.
The kobold hits you with a +0 short sword.
The blast of sand hits the kobold.
You kill the kobold!
No target in view!
You see here a +0 leather armour.
You hit the endoplasm but do no damage. The endoplasm freezes you.
You are frozen.
* * * LOW HITPOINT WARNING * * *
You barely miss the endoplasm. The endoplasm hits you.
* * * LOW HITPOINT WARNING * * *
You hit the endoplasm but do no damage. The endoplasm freezes you.
You are frozen.
You die...

......................#
...#.##.###.....#######
.#.#.# ##.##.########
...# # #.##.#......
.... #...........
.....# #..#.#.#.#.#
#.#... #..#........
.##.. .##..#.#.#.#.##
.......)@......#
#..#..#.#J#.#.##
#.#..#....[... ...
#.#.#.#.# ....
......... .... ..#.#
#.# .... ...... ... #..
.# ##


You could see an endoplasm.

Vanquished Creatures
  A bat (D:1)
  A goblin (D:1)
  A ball python (D:1)
  A kobold (D:1)
4 creatures vanquished.

Notes
Turn   | Place    | Note
-------+----------+-------------------------------------------
     0 | D:1      | Gabide the Gargoyle Earth Elementalist began the quest for
                  | the Orb.
     0 | D:1      | Reached XP level 1. HP: 10/10 MP: 3/3
   160 | D:1      | Frozen to death by an endoplasm

Illustrated notes

Levels and vault maps discovered:
D:1:      lightli_arrival_windingriver, layout_basic, st_stairs_12,
          minmay_misc_feat_rugged, nicolae_figureground_sparkle

Action                   || total
-------------------------++-------
Melee: Unarmed           ||     3
 Cast: Sandblast         ||     6
Armor: Robe              ||     1
Dodge: Dodged            ||     1
